 Dungeon Crawl Stone Soup version 0.30.0-19-gbf45117a57 (webtiles) character file.

Game seed: 5698815926203562420

74 qw the Chopper (level 4, -11/28 HPs)
             Began as a Gargoyle Fighter on May 23, 2023.
             Killed by divine providence
             ... invoked by an orc priest
              (16 damage)
             ... on level 3 of the Dungeon.
             The game lasted 00:00:36 (1770 turns).

qw the Chopper (Gargoyle Fighter)                   Turns: 1770, Time: 00:00:36

Health: -11/28     AC: 10    Str: 21    XL:     4   Next: 30%
Magic:  4/4        EV:  9    Int:  9    God:
Gold:   88         SH:  4    Dex:  9    Spells: 3/3 levels left

rFire   . . .        Y - +0 war axe
rCold   . . .        c - +0 buckler
rNeg    + . .        b - +0 scale mail
rPois   inf          (no helmet)
rElec   +            (no cloak)
rCorr   .            (no gloves)
SInv    .            (no boots)
Will    .....        (no amulet) Stlth
                     (no ring)
HPRegen 0.24/turn    (no ring)
MPRegen 0.09/turn

%: no passive effects
@: no status effects
A: sickness immunity, AC +3, negative energy resistance 1, electricity
resistance, torment resistance 1, petrification resistance
a: no special abilities


You were on level 3 of the Dungeon.
You visited 1 branch of the dungeon, and saw 3 of its levels.

You collected 88 gold pieces.


Innate Abilities, Weirdness & Mutations

You are immune to sickness and miasma.
Your stone body is resilient. (AC +3)
You are immune to poison.
You resist negative energy. (rN+)
You are resistant to electric shocks. (rElec)
You are resistant to unholy torment.
You are immune to petrification.


   Skills:
 - Level 3.2 Fighting
 + Level 4.0 Axes
 - Level 3.2 Armour
 - Level 3.2 Shields


You had 3 spell levels left.
You didn't know any spells.
Your spell library was empty.

Inventory:

Hand Weapons
 j - a +0 flail
 Y - a +0 war axe (weapon)
Missiles
 e - a silver boomerang (quivered)
Armour
 b - a +0 scale mail (worn)
 c - a +0 buckler (worn)
Scrolls
 h - a scroll of identify
Potions
 d - 2 potions of might
 g - 2 potions of curing
 k - a potion of brilliance {unknown}

Dungeon Overview and Level Annotations

Branches:
Dungeon (3/15)

Altars:


Message History

The silver boomerang hits the orc but does no damage.
The orc is lightly wounded.
The orc priest invokes the aid of Beogh against you.
Beogh smites you!
Ouch! That really hurt!
You closely miss the orc wizard. You block the orc wizard's attack.
You barely miss the orc wizard.
The orc wizard hits you but does no damage.
You closely miss the orc wizard. You closely miss the orc.
The orc hits you with a +0 dagger.
The orc wizard hits you but does no damage.
You hit the orc wizard.
The orc wizard is lightly wounded.
You slash the orc!
You kill the orc!
The orc wizard hits you with a +0 dagger.
The orc wizard hits you but does no damage.
The orc priest hits you but does no damage.
You slash the orc wizard!
The orc wizard is severely wounded.
You barely miss the orc priest. The orc priest barely misses you.
The orc wizard gestures wildly while chanting.
The orc wizard flickers and vanishes!
Deactivating autopickup; reactivate with Ctrl-A.
You slash the orc priest!
The orc priest is severely wounded.
You miss something. The orc priest barely misses you.
Something hits you but does no damage.
You hit the orc priest but do no damage.
The orc priest is severely wounded.
You closely miss something. Something hits you.
The orc priest hits you with a +2 mace of protection.
Something hits you.
The orc priest mumbles some strange prayers to Beogh against you.
Beogh smites you!
Ouch! That really hurt!
You die...

#...... # #..#..# #
#.#..#..#.# # #
.##.#..#..#.#.#..
................
##.............
...............
#####..#.##.##### .
.........@{...... ..
....#..#o##.##### ...
. #.#......o).o. ....
#.#..#.##oo...
.....##.#............
...........#.##......
####.##.##.#.# ..###
#.##.#.# .#
#.##.#.##. #


You could see an orc priest.

Vanquished Creatures
  A gnoll (D:1)
  3 adders (D:2)
  2 orcs (D:3)
  5 endoplasms
  2 giant cockroaches (D:1)
  2 goblins
  A hobgoblin (D:1)
  6 jackals
  4 kobolds
  A quokka (D:1)
  2 ball pythons (D:2)
  3 bats (D:1)
  2 frilled lizards (D:2)
  A rat (D:1)
35 creatures vanquished.

Notes
Turn   | Place    | Note
-------+----------+-------------------------------------------
     0 | D:1      | qw the Gargoyle Fighter began the quest for the Orb.
     0 | D:1      | Reached XP level 1. HP: 14/14 MP: 1/1
     0 | D:1      | 0 ||| qw: Version: 0.2-a-98-g5d7165a
     0 | D:1      | 0 ||| qw: Game counter: 46
     0 | D:1      | 0 ||| qw: Always use a shield: true
     0 | D:1      | 0 ||| qw: God list: Okawaru
     0 | D:1      | 0 ||| qw: Allow faded altars: false
     0 | D:1      | 0 ||| qw: Do Orc after D:15 true
     0 | D:1      | 0 ||| qw: Do second Lair branch before Depths: true
     0 | D:1      | 0 ||| qw: Lair rune preference: random
     0 | D:1      | 0 ||| qw: Plans: Normal, Zot:1-4, God:TSO, Crypt, Tomb,
                  | Pan, Slime:5, Hells, Abyss, Win
     0 | D:1      | 0 ||| PLANNING D:1-11
    40 | D:1      | Reached skill level 2 in Axes
   194 | D:1      | Reached XP level 2. HP: 18/19 MP: 2/2
   527 | D:1      | 527 ||| Stepping ~*~*~tactically~*~*~ (stealth).
   533 | D:1      | Reached skill level 3 in Axes
   533 | D:1      | Reached XP level 3. HP: 17/23 MP: 3/3
   561 | D:1      | 561 ||| DROPPING +0 whip.
   646 | D:1      | 646 ||| DROPPING amulet of magic regeneration.
   647 | D:1      | 647 ||| READING scroll labelled OFORUQ FEBI.
   648 | D:1      | 648 ||| DRINKING 2 smoky brown potions.
   785 | D:2      | 785 ||| Stepping ~*~*~tactically~*~*~ (stealth).
   795 | D:2      | 795 ||| Stepping ~*~*~tactically~*~*~ (stealth).
   796 | D:2      | 796 ||| Stepping ~*~*~tactically~*~*~ (stealth).
   854 | D:2      | 854 ||| Stepping ~*~*~tactically~*~*~ (stealth).
   855 | D:2      | 855 ||| Stepping ~*~*~tactically~*~*~ (stealth).
   941 | D:2      | 941 ||| Stepping ~*~*~tactically~*~*~ (hiding).
   943 | D:2      | 943 ||| Stepping ~*~*~tactically~*~*~ (hiding).
  1590 | D:2      | Reached XP level 4. HP: 28/28 MP: 4/4
  1694 | D:2      | Reached skill level 4 in Axes
  1715 | D:2      | 1715 ||| READING 2 scrolls labelled CISAEW BYASTI.
  1716 | D:2      | 1716 ||| READING scroll labelled AVAATOADDUD.
  1717 | D:2      | 1717 ||| READING scroll labelled NIOWNI ZIBRUW.
  1718 | D:2      | 1718 ||| READING 2 scrolls of identify.
  1718 | D:2      | 1718 ||| IDENTIFYING smoky purple potion
  1719 | D:2      | 1719 ||| DROPPING scroll of noise.
  1720 | D:2      | 1720 ||| DROPPING potion of invisibility.
  1752 | D:3      | 1752 ||| Stepping ~*~*~tactically~*~*~ (stealth).
  1757 | D:3      | 1757 ||| Stepping ~*~*~tactically~*~*~ (hiding).
  1759 | D:3      | 1759 ||| Stepping ~*~*~tactically~*~*~ (hiding).
  1760 | D:3      | 1760 ||| Stepping ~*~*~tactically~*~*~ (hiding).
  1761 | D:3      | 1761 ||| Stepping ~*~*~tactically~*~*~ (hiding).
  1770 | D:3      | HP: 6/28 [orc priest/+2 mace of protection (6)]
  1770 | D:3      | Killed from afar by an orc priest

Levels and vault maps discovered:
D:1:      lightli_arrival_maybe_door_vault, layout_basic
D:2:      layout_basic
D:3:      layout_basic, lemuel_flame_loot_1

Skill      XL: |  1  2  3  4 |
---------------+-------------+-----
Axes           | 2 3 4 |  4.0
Fighting       | |  3.2
Armour         | |  3.2
Shields        | |  3.2

Action                     |  1- 3 |  4- 6 || total
---------------------------+-------+-------++-------
  Melee: War axe           |    83 |    18 ||   101
  Throw: Boomerang         |    20 |     3 ||    23
    Use: Scroll            |     1 |     4 ||     5
         Potion            |     1 |       ||     1
 Armour: Scale mail        |    55 |    14 ||    69
  Dodge: Dodged            |    37 |     9 ||    46
  Block: Buckler           |    23 |     3 ||    26

Table legend:
 A = Non-vault XP
 B = Vault XP
 C = Vault XP percentage of total XP
 D = Non-vault monster count
 E = Vault monster count
 F = Vault count percentage of total count
                 A         B        C        D         E       F
            +---------+---------+-------+---------+---------+-------
      Total |     107 |       0 |   0.0 |      35 |       0 |   0.0
            +---------+---------+-------+---------+---------+-------
        D:1 |      39 |       0 |   0.0 |      16 |       0 |   0.0
        D:2 |      62 |       0 |   0.0 |      17 |       0 |   0.0
        D:3 |       6 |       0 |   0.0 |       2 |       0 |   0.0
            +---------+---------+-------+---------+---------+-------
